Map: King Sejong Station LE

Players

SortOf

  • Race: Zerg Zerg

Toodming - Winner!

  • Race: Zerg Zerg

Event: 2016 WCS Summer Circuit Championship (DH Montreal)

VOD

Have the link to the VOD?

Description

Time

  • Played on: Aug. 12, 2016, 5:16 p.m.
  • Length: 5:34

All games in this series

Show
View Real Time Build Order
Export as new Build Order

SortOf Zerg 

Build Orders: Hatch First 

Get SALT Encoding   

  12  0:00  Drone  
  13  0:12  Overlord  
  13  0:17  Drone  
  14  0:30  Drone x2  
  14  0:34  Drone  
  17  0:52  Hatchery  
  17  0:55  Drone  
  17  1:04  Extractor  
  16  1:10  Spawning Pool  
  15  1:13  Drone  
  15  1:16  Drone  
  17  1:20  Drone  
  18  1:29  Drone  
  19  1:38  Overlord  
  19  1:50  Drone  
  20  1:57  Queen  
  20  2:00  Zergling x2  
  23  2:03  Queen  
  23  2:05  Metabolic Boost  
  23  2:08  Drone  
  26  2:16  Drone x2  
  26  2:21  Drone  
  29  2:25  Drone  
  30  2:36  Hatchery  
  29  2:39  Drone  
  29  2:40  Zergling x2  
  31  2:45  Overlord  
  31  2:48  Zergling x2  
  32  2:56  Roach Warren, Zergling x2  
  31  2:59  Zergling x2  
  31  3:05  Zergling x2  
  33  3:07  Drone x2  
  33  3:10  Overlord  
  35  3:14  Drone  
  35  3:18  Drone  
  35  3:19  Zergling x2  
  39  3:20  Zergling x2  
  39  3:28  Overlord  
  39  3:29  Drone  
  39  3:32  Drone  
  41  3:38  Roach x2  
  41  3:39  Roach  
  47  3:47  Roach x2  
  49  3:51  Roach  
  49  3:53  Drone  
  52  4:01  Roach  
  52  4:06  Roach  
  51  4:10  Roach  
  51  4:15  Queen, Zergling x6  
  49  4:21  Roach  
  51  4:25  Zergling x4  
  51  4:28  Zergling x4  
  51  4:32  Zergling x4  
  51  4:34  Zergling x2  
  46  4:39  Roach  
  46  4:40  Roach  
  50  4:46  Roach  
  50  4:51  Drone  
  53  4:53  Queen  
  53  4:58  Roach  
  57  5:04  Roach  
  59  5:10  Zergling x4  
  59  5:13  Roach, Zergling x2  
  48  5:14  Zergling x2  
  48  5:15  Zergling x2  
Show
View Real Time Build Order
Export as new Build Order

Toodming Zerg - Winner!

Build Orders: Hatch First, Zergling Baneling 

Get SALT Encoding   

  12  0:01  Drone  
  13  0:12  Overlord  
  13  0:17  Drone  
  14  0:30  Drone x2  
  14  0:34  Drone  
  17  0:52  Hatchery  
  17  0:55  Drone  
  17  0:57  Drone  
  18  1:09  Extractor  
  17  1:12  Spawning Pool  
  17  1:15  Drone  
  17  1:19  Drone  
  18  1:27  Drone  
  19  1:39  Overlord  
  19  1:58  Queen  
  19  2:00  Zergling x4  
  23  2:03  Queen  
  23  2:05  Drone  
  26  2:11  Drone  
  26  2:14  Metabolic Boost  
  27  2:16  Drone  
  27  2:22  Drone  
  29  2:27  Drone  
  30  2:31  Baneling Nest  
  30  2:34  Drone  
  30  2:50  Hatchery, Drone  
  30  2:53  Overlord  
  30  2:59  Drone x2  
  32  3:06  Zergling x4  
  32  3:12  Zergling x6  
  37  3:15  Zergling x2  
  37  3:17  Zergling x2  
  37  3:19  Zergling x2  
  40  3:20  Baneling  
  40  3:21  Baneling  
  40  3:22  Baneling  
  40  3:23  Baneling  
  40  3:27  Overlord  
  40  3:35  Zergling x6  
  40  3:40  Zergling x2  
  44  3:48  Zergling x10  
  48  4:07  Zergling x2  
  46  4:11  Zergling x2  
  46  4:12  Zergling x2  
  46  4:13  Zergling x2  
  46  4:14  Zergling x4  
  47  4:17  Queen, Zergling x2  
  47  4:19  Zergling x2  
  47  4:21  Zergling x2  
  50  4:28  Zergling x4  
  50  4:29  Zergling x8  
  50  4:30  Zergling x2  
  54  4:33  Zergling x2  
  54  4:35  Zergling x2  
  53  4:41  Baneling x2  
  53  4:42  Baneling x2  
  53  4:43  Baneling x2  
  53  4:44  Zergling x2  
  54  4:46  Zergling x2  
  54  4:50  Overlord  
  55  4:54  Zergling x2  
  55  4:57  Zergling x2  
  57  5:00  Overlord  
  57  5:13  Zergling x12  
  56  5:15  Zergling x2  
Tags
 
Add a new tag
Caveats
  • Supply blocks, unpowered buildings, or Contaminate may cause inaccurate times.
  • Supply counts are checked every 10 seconds.